EL
ERIE SEAWOLVES @ NEW HAMPSHIRE FISHER CATS
08/24/2098
 
TOP OF THE 1ST
Erie SeaWolves batting - Pitching for New Hampshire Fisher Cats : RHP Josue Toala
Pitching: RHP Josue Toala
Batting: RHB Jason Ley 0-0: Foul Ball, location: 7LMFF
0-1: Ball
1-1: Called Strike
1-2: Ball
2-2: Strikes out looking
Batting: RHB Mark Burkett 0-0: Ball
1-0: Ball
2-0: Ball
3-0: Called Strike
3-1: Swinging Strike
3-2: Strikes out swinging
Batting: RHB Ricardo Meza 0-0: Ball
1-0: Called Strike
1-1: SINGLE (Groundball, P, EV 85.6 MPH) (infield hit)
Batting: SHB Tony Ortega 0-0: Called Strike
0-1: Foul Ball, location: 5FF
0-2: Ball
1-2: Hit by Pitch
Ricardo Meza to second
Batting: RHB Rich Armentrout 0-0: Ball
1-0: Foul Ball, location: 2F
1-1: Ball
2-1: Ball
3-1: Fly out, F7 (Flyball, 78M, EV 85.0 MPH)
Top of the 1st over - 0 runs, 1 hit, 0 errors, 2 left on base; Erie 0 - New Hampshire 0
BOTTOM OF THE 1ST
New Hampshire Fisher Cats batting - Pitching for Erie SeaWolves : RHP Sean Dale
Pitching: RHP Sean Dale
Batting: RHB Walt Baranyi 0-0: Swinging Strike
0-1: Ball
1-1: Ball
2-1: Ball
3-1: Ground out 4-3 (Groundball, 4, EV 104.4 MPH)
Batting: RHB Justin Marquez 0-0: Foul Ball, location: 2F
0-1: Swinging Strike
0-2: Ball
1-2: Ball
2-2: Ball
3-2: Foul Ball, location: 2F
3-2: Strikes out looking
Batting: LHB Kevin Winter 0-0: Ball
1-0: SINGLE (Line Drive, 6D, EV 106.9 MPH)
Batting: LHB Brian Burton 0-0: Called Strike
0-1: Ball
1-1: Called Strike
1-2: Foul Ball, location: 5FF
1-2: Foul Ball, location: 7LMF
1-2: SINGLE (Line Drive, 9S, EV 107.5 MPH)
Kevin Winter to second
Runner from 2nd tries for 3rd, SAFE, no throw by RF
Batting: LHB Dan Richins 0-0: Called Strike
0-1: Ball
1-1: Foul Ball, location: 7LSF
1-2: Foul Ball, location: 7LMF
1-2: TRIPLE (Flyball, 8LXD, EV 90.6 MPH)
Kevin Winter scores
Brian Burton scores
Batting: SHB Jasper Raucci 0-0: Foul Ball, location: 7LMF
0-1: Foul Ball, location: 2F
0-2: Ball
1-2: Strikes out swinging
Bottom of the 1st over - 2 runs, 3 hits, 0 errors, 1 left on base; Erie 0 - New Hampshire 2
TOP OF THE 2ND
Erie SeaWolves batting - Pitching for New Hampshire Fisher Cats : RHP Josue Toala
Batting: RHB Joe Markwood 0-0: Ball
1-0: Ball
2-0: Ball
3-0: Called Strike
3-1: SINGLE (Groundball, 4MD, EV 101.9 MPH)
Batting: SHB Jim Hall 0-0: Foul Ball, location: 3DF
0-1: Called Strike
0-2: Ball
1-2: SINGLE (Line Drive, 8LS, EV 99.4 MPH)
Joe Markwood to second
Batting: RHB Pedro Gonzalez 0-0: Called Strike
0-1: Grounds into double play, 3-6-1 (Groundball, 3S, EV 89.4 MPH)
Joe Markwood to third
Batting: RHB Jim Unknown 0-0: Foul Ball, location: 9LMF
0-1: Foul Ball, location: 3SF
0-2: Foul Ball, location: 2F
0-2: Ball
1-2: Foul Ball, location: 5FF
1-2: Foul Ball, location: 9LDF
1-2: Ball
2-2: Ball
3-2: Ground out 3-1 (Groundball, 34S, EV 91.9 MPH)
Top of the 2nd over - 0 runs, 2 hits, 0 errors, 1 left on base; Erie 0 - New Hampshire 2
BOTTOM OF THE 2ND
New Hampshire Fisher Cats batting - Pitching for Erie SeaWolves : RHP Sean Dale
Batting: LHB Josh Rose 0-0: Foul Ball, location: 5F
0-1: Swinging Strike
0-2: Ball
1-2: Strikes out swinging
Batting: RHB Franklin Padilla 0-0: Called Strike
0-1: Called Strike
0-2: SINGLE (Groundball, 4MD, EV 93.8 MPH)
Batting: RHB Jose Grijalva 0-0: Ball
1-0: Ball
2-0: Called Strike
2-1: Foul Ball, location: 23F
2-2: Ball
3-2: Foul Ball, location: 2F
3-2: Strikes out swinging
Batting: RHB Walt Baranyi 0-0: Foul Ball, location: 2F
0-1: Called Strike
0-2: Ball
1-2: Ball
2-2: Ball
3-2: Foul Ball, location: 2F
3-2: Fly out, F3 (Popup, 3S, EV 72.5 MPH)
Bottom of the 2nd over - 0 runs, 1 hit, 0 errors, 1 left on base; Erie 0 - New Hampshire 2
TOP OF THE 3RD
Erie SeaWolves batting - Pitching for New Hampshire Fisher Cats : RHP Josue Toala
Batting: RHB Jason Ley 0-0: Called Strike
0-1: Ball
1-1: Ball
2-1: Foul Ball, location: 9LSF
2-2: Strikes out swinging
Batting: RHB Mark Burkett 0-0: Ball
1-0: Ball
2-0: Called Strike
2-1: Ball
3-1: Foul Ball, location: 2F
3-2: Foul Ball, location: 9LMF
3-2: Foul Ball, location: 2F
3-2: Foul Ball, location: 7LMF
3-2: Strikes out swinging
Batting: RHB Ricardo Meza 0-0: Ball
1-0: Foul Ball, location: 3F
1-1: Ball
2-1: SOLO HOME RUN (Flyball, 78XD, EV 105.6 MPH), Distance : 416 ft
Batting: SHB Tony Ortega 0-0: Fly out, F9 (Flyball, 9D, EV 104.4 MPH)
Top of the 3rd over - 1 run, 1 hit, 0 errors, 0 left on base; Erie 1 - New Hampshire 2
BOTTOM OF THE 3RD
New Hampshire Fisher Cats batting - Pitching for Erie SeaWolves : RHP Sean Dale
Batting: RHB Justin Marquez 0-0: Ball
1-0: Ball
2-0: Ball
3-0: Called Strike
3-1: Called Strike
3-2: Fly out, F9 (Flyball, 89M, EV 94.4 MPH)
Batting: LHB Kevin Winter 0-0: Ball
1-0: DOUBLE (Line Drive, 9LD, EV 107.5 MPH)
Batting: LHB Brian Burton 0-0: Foul Ball, location: 23F
0-1: Called Strike
0-2: Ball
1-2: Ball
2-2: Ground out 6-3 (Groundball, 6, EV 81.9 MPH)
Batting: LHB Dan Richins 0-0: Ball
1-0: Foul Ball, location: 7LSF
1-1: SINGLE (Line Drive, 6MD, EV 93.8 MPH)
Kevin Winter to third
Runner from 3rd tries for Home, SAFE, throw by CF to home
Dan Richins to second
Batting: SHB Jasper Raucci 0-0: Foul Ball, location: 7LMF
0-1: Ground out 6-3 (Groundball, 6, EV 88.1 MPH)
Bottom of the 3rd over - 1 run, 2 hits, 0 errors, 1 left on base; Erie 1 - New Hampshire 3
TOP OF THE 4TH
Erie SeaWolves batting - Pitching for New Hampshire Fisher Cats : RHP Josue Toala
Batting: RHB Rich Armentrout 0-0: Fly out, F8 (Flyball, 8LXD, EV 93.1 MPH)
Batting: RHB Joe Markwood 0-0: Swinging Strike
0-1: Ball
1-1: Ball
2-1: Ground out 6-3 (Groundball, 56D, EV 95.6 MPH)
Batting: SHB Jim Hall 0-0: Fly out, F8 (Line Drive, 89M, EV 93.1 MPH)
Top of the 4th over - 0 runs, 0 hits, 0 errors, 0 left on base; Erie 1 - New Hampshire 3
BOTTOM OF THE 4TH
New Hampshire Fisher Cats batting - Pitching for Erie SeaWolves : RHP Sean Dale
Batting: LHB Josh Rose 0-0: Ball
1-0: Fly out, F9 (Flyball, 9LM, EV 90.0 MPH)
Batting: RHB Franklin Padilla 0-0: Ball
1-0: Foul Ball, location: 2F
1-1: Swinging Strike
1-2: Foul Ball, location: 2F
1-2: Strikes out swinging
Batting: RHB Jose Grijalva 0-0: Ground out 5-3 (Groundball, 15, EV 75.6 MPH)
Bottom of the 4th over - 0 runs, 0 hits, 0 errors, 0 left on base; Erie 1 - New Hampshire 3
TOP OF THE 5TH
Erie SeaWolves batting - Pitching for New Hampshire Fisher Cats : RHP Josue Toala
Batting: RHB Pedro Gonzalez 0-0: Called Strike
0-1: Called Strike
0-2: Ball
1-2: Strikes out looking
Batting: RHB Jim Unknown 0-0: Foul Ball, location: 2F
0-1: Swinging Strike
0-2: Ground out 6-3 (Groundball, 6, EV 93.1 MPH)
Batting: RHB Jason Ley 0-0: DOUBLE (Flyball, 78XD, EV 108.1 MPH)
Batting: RHB Mark Burkett 0-0: Ball
1-0: Ball
2-0: Called Strike
2-1: Called Strike
2-2: Ball
3-2: Foul Ball, location: 25F
3-2: Strikes out looking
Top of the 5th over - 0 runs, 1 hit, 0 errors, 1 left on base; Erie 1 - New Hampshire 3
BOTTOM OF THE 5TH
New Hampshire Fisher Cats batting - Pitching for Erie SeaWolves : RHP Sean Dale
Batting: RHB Walt Baranyi 0-0: Ball
1-0: Called Strike
1-1: Swinging Strike
1-2: Hit by Pitch
Batting: RHB Justin Marquez 0-0: Ball
1-0: Swinging Strike
1-1: Foul Ball, location: 5SF
1-2: SINGLE (Line Drive, 4D, EV 110.0 MPH)
Walt Baranyi to second
Batting: LHB Kevin Winter 0-0: Foul Ball, location: 2F
0-1: Fielders Choice at 2nd, 3-6 (Groundball, 34S, EV 77.5 MPH)
Walt Baranyi to third
Batting: LHB Brian Burton 0-0: Called Strike
0-1: Ball
1-1: Foul Ball, location: 7LDF
1-2: SINGLE (Groundball, 56, EV 104.4 MPH)
Walt Baranyi scores
Kevin Winter to second
Batting: LHB Dan Richins 0-0: Ball
1-0: Swinging Strike
1-1: Foul Ball, location: 25FF
1-2: Ball
2-2: Ball
3-2: Grounds into double play, 4-6-3 (Groundball, 4, EV 84.4 MPH)
Bottom of the 5th over - 1 run, 2 hits, 0 errors, 1 left on base; Erie 1 - New Hampshire 4
TOP OF THE 6TH
Erie SeaWolves batting - Pitching for New Hampshire Fisher Cats : RHP Josue Toala
Batting: RHB Ricardo Meza 0-0: Called Strike
0-1: Ball
1-1: Ground out 6-3 (Groundball, 6MD, EV 109.4 MPH)
Batting: SHB Tony Ortega 0-0: Swinging Strike
0-1: Foul Ball, location: 3SF
0-2: Ball
1-2: Strikes out swinging
Batting: RHB Rich Armentrout 0-0: Ball
1-0: Called Strike
1-1: Ball
2-1: Swinging Strike
2-2: Foul Ball, location: 5F
2-2: Ball
3-2: Foul Ball, location: 2F
3-2: Strikes out swinging
Top of the 6th over - 0 runs, 0 hits, 0 errors, 0 left on base; Erie 1 - New Hampshire 4
BOTTOM OF THE 6TH
New Hampshire Fisher Cats batting - Pitching for Erie SeaWolves : RHP Sean Dale
Batting: SHB Jasper Raucci 0-0: Fly out, F6 (Line Drive, 6, EV 68.8 MPH)
Batting: LHB Josh Rose 0-0: Ball
1-0: Called Strike
1-1: Ball
2-1: Fly out, F8 (Flyball, 8LM, EV 78.1 MPH)
Batting: RHB Franklin Padilla 0-0: Called Strike
0-1: Ball
1-1: Foul Ball, location: 3F
1-2: Hit by Pitch
Pitching: RHP Zack Gruttadauria
Batting: RHB Jose Grijalva 0-0: Ball
1-0: Ball
2-0: Foul Ball, location: 9LMF
2-1: Foul Ball, location: 2LF
2-2: Strikes out swinging
Bottom of the 6th over - 0 runs, 0 hits, 0 errors, 1 left on base; Erie 1 - New Hampshire 4
TOP OF THE 7TH
Erie SeaWolves batting - Pitching for New Hampshire Fisher Cats : RHP Josue Toala
Pitching: RHP Brian Johnson
Batting: RHB Joe Markwood 0-0: Called Strike
0-1: Called Strike
0-2: Foul Ball, location: 23F
0-2: Ball
1-2: Strikes out swinging
Batting: SHB Jim Hall 0-0: Swinging Strike
0-1: Ball
1-1: Ball
2-1: Fly out, F9 (Flyball, 9D, EV 96.3 MPH)
Batting: RHB Pedro Gonzalez 0-0: Ball
1-0: Swinging Strike
1-1: Foul Ball, location: 2F
1-2: Strikes out swinging
Top of the 7th over - 0 runs, 0 hits, 0 errors, 0 left on base; Erie 1 - New Hampshire 4
BOTTOM OF THE 7TH
New Hampshire Fisher Cats batting - Pitching for Erie SeaWolves : RHP Zack Gruttadauria
Batting: RHB Walt Baranyi 0-0: Ball
1-0: Called Strike
1-1: Ball
2-1: Swinging Strike
2-2: Foul Ball, location: 2F
2-2: Ball
3-2: Foul Ball, location: 3F
3-2: Strikes out swinging
Batting: RHB Justin Marquez 0-0: Fly out, F9 (Line Drive, 9LM, EV 95.0 MPH)
Batting: LHB Kevin Winter 0-0: Ball
1-0: Ball
2-0: Foul Ball, location: 7LMF
2-1: Ball
3-1: Swinging Strike
3-2: Foul Ball, location: 23F
3-2: Base on Balls
Batting: LHB Brian Burton 0-0: Ball
1-0: Called Strike
1-1: Ball
2-1: Foul Ball, location: 2F
2-2: Ball
3-2: SINGLE (Line Drive, 8LS, EV 110.6 MPH)
Kevin Winter to second
Kevin Winter to third
Batting: LHB Dan Richins 0-0: Ball
1-0: Foul Ball, location: 9LDF
1-1: Foul Ball, location: 5DF
1-2: Ground out 1-3 (Groundball, 13S, EV 74.4 MPH)
Bottom of the 7th over - 0 runs, 1 hit, 0 errors, 2 left on base; Erie 1 - New Hampshire 4
TOP OF THE 8TH
Erie SeaWolves batting - Pitching for New Hampshire Fisher Cats : RHP Brian Johnson
Pinch Hitting: RHB Elias Frias 0-0: Foul Ball, location: 2F
0-1: Ball
1-1: Ball
2-1: Ball
3-1: Called Strike
3-2: Foul Ball, location: 3DF
3-2: Ground out 2-3 (Groundball, 2R, EV 70.0 MPH)
Batting: RHB Jason Ley 0-0: Called Strike
0-1: Swinging Strike
0-2: DOUBLE (Flyball, 8LD, EV 96.9 MPH)
Batting: RHB Mark Burkett 0-0: Called Strike
0-1: Called Strike
0-2: Ball
1-2: Strikes out swinging
Batting: RHB Ricardo Meza 0-0: Called Strike
0-1: Ball
1-1: Ground out U3 (Groundball, 3S, EV 75.6 MPH)
Top of the 8th over - 0 runs, 1 hit, 0 errors, 1 left on base; Erie 1 - New Hampshire 4
BOTTOM OF THE 8TH
New Hampshire Fisher Cats batting - Pitching for Erie SeaWolves : RHP Zack Gruttadauria
Now in CF: Jim Unknown
Batting: SHB Jasper Raucci 0-0: Ball
1-0: Ground out U3 (Groundball, 3S, EV 76.3 MPH)
Batting: LHB Josh Rose 0-0: Called Strike
0-1: Swinging Strike
0-2: Strikes out looking
Batting: RHB Franklin Padilla 0-0: SINGLE (Line Drive, 4MD, EV 96.3 MPH)
Pitching: RHP Dan Hoskins
Batting: RHB Jose Grijalva 0-0: Fielders Choice at 2nd, U4 (Groundball, 4M, EV 81.3 MPH)
Bottom of the 8th over - 0 runs, 1 hit, 0 errors, 1 left on base; Erie 1 - New Hampshire 4
TOP OF THE 9TH
Erie SeaWolves batting - Pitching for New Hampshire Fisher Cats : RHP Brian Johnson
Batting: SHB Tony Ortega 0-0: Ball
1-0: Ball
2-0: Called Strike
2-1: Called Strike
2-2: Foul Ball, location: 7LMF
2-2: Fly out, F7 (Flyball, 7, EV 95.6 MPH)
Batting: RHB Rich Armentrout 0-0: Foul Ball, location: 7LMF
0-1: Foul Ball, location: 5F
0-2: Ball
1-2: Ball
2-2: Strikes out swinging
Batting: RHB Joe Markwood 0-0: Swinging Strike
0-1: Called Strike
0-2: Ball
1-2: Strikes out swinging
Top of the 9th over - 0 runs, 0 hits, 0 errors, 0 left on base; Erie 1 - New Hampshire 4
Saturday, April 13th , 2024 - OOTP Baseball 24.11 Build 85